 Dungeon Crawl Stone Soup version 0.24.1-14-gf8d2b509d9 (webtiles) character file.

Game seed: 9597041709727888846, levelgen mode: deterministic

120 Hugehornet the Cudgeler (level 5, -2/32 HPs)
             Began as a Gargoyle Fighter on May 22, 2020.
             Slain by an ogre
             ... wielding a +0 giant club
              (12 damage)
             ... on level 4 of the Dungeon.
             The game lasted 00:02:52 (2260 turns).

Hugehornet the Cudgeler (Gargoyle Fighter)          Turns: 2260, Time: 00:02:52

Health: -2/32      AC: 13    Str: 20    XL:     5   Next: 4%
Magic:  5/5        EV: 10    Int:  9    God:
Gold:   153        SH:  9    Dex:  9    Spells: 4/4 levels left

rFire    . . .     SeeInvis .   a - +0 flail
rCold    + . .     Gourm    .   c - +0 shield
rNeg     + . .     Faith    .   e - +0 chain mail
rPois    ∞         Spirit   .   (no helmet)
rElec    +         Reflect  .   (no cloak)
rCorr    .         Harm     .   (no gloves)
MR       .....                  (no boots)
Stlth    ..........             (no amulet)
HPRegen  0.10/turn              h - +5 ring of evasion
MPRegen  0.09/turn              m - ring of protection from cold (curse)

@: no status effects
A: negative energy resistance 1, electricity resistance, unbreathing,
petrification resistance, rot immunity, AC +4
a: no special abilities


You were on level 4 of the Dungeon.
You were not hungry.

You visited 1 branch of the dungeon, and saw 4 of its levels.

You collected 153 gold pieces.

Inventory:

Hand Weapons
 a - a +0 flail (weapon)
Armour
 b - a +0 scale mail
 c - a +0 shield (worn)
 e - a +0 chain mail (worn)
Jewellery
 h - a +5 ring of evasion (left hand)
 m - a cursed ring of protection from cold (right hand)
Scrolls
 d - 2 scrolls of enchant armour {unknown}
 g - 2 scrolls of enchant weapon {unknown}
 l - 5 scrolls of remove curse {unknown}
 n - a scroll of identify {unknown}
 p - a scroll of teleportation {unknown}
Potions
 i - 2 potions of curing {unknown}
 j - a potion of heal wounds {unknown}
 k - a potion of flight {unknown}
Comestibles
 f - 5 rations


   Skills:
 - Level 3.2 Fighting
 + Level 5.0 Maces & Flails
 - Level 3.2 Armour
 - Level 3.2 Shields


You had 4 spell levels left.
You didn't know any spells.
Your spell library was empty.

Dungeon Overview and Level Annotations

Branches:
Dungeon (3/15)

Altars:


Innate Abilities, Weirdness & Mutations

You are resistant to torment.
Your stone body is resilient. (AC +4)
You are immune to poison.
You resist negative energy. (rN+)
You are resistant to electric shocks. (rElec)
You can survive without breathing.
You are immune to petrification.
You are immune to rotting.


Message History

The ogre is moderately wounded.
The ogre closely misses you.
You sock the ogre!
The ogre is heavily wounded.
The ogre hits you with a +0 giant club!
You hit the ogre.
The ogre is severely wounded.
A frilled lizard comes into view.
You block the ogre's attack.
You barely miss the ogre.
The ogre is severely wounded.
The frilled lizard hisses angrily.
The ogre hits you with a +0 giant club!
* * * LOW HITPOINT WARNING * * *
You are too injured to fight recklessly!
You are too injured to fight recklessly!
You hit the ogre.
The ogre is almost dead.
The ogre hits you with a +0 giant club!
You die...

#...........#
#.#.#######.#
##....##
##.##
###......#
##...##
....÷...##
#..#..#
###....##
#.###.#
####.#
#..#..# #.#
##....# #+#
####@# #O#
#Z# #.# ##
.l. .+ ... ##
<.. # ##.## #


You could see an ogre, a frilled lizard and a hound skeleton.

Vanquished Creatures
  Robin (D:2)
  A gnoll (D:1)
  3 adders
  2 worms
  A leopard gecko (D:1)
  4 bats
  2 giant cockroaches
  15 goblins
  14 hobgoblins
  4 jackals (D:1)
  3 kobolds (D:3)
  A quokka (D:3)
  2 ball pythons
  A frilled lizard (D:2)
  8 rats
62 creatures vanquished.

Notes
Turn   | Place    | Note
-------+----------+-------------------------------------------
     0 | D:1      | Hugehornet the Gargoyle Fighter began the quest for the
                  | Orb.
     0 | D:1      | Reached XP level 1. HP: 14/14 MP: 1/1
   227 | D:1      | Reached XP level 2. HP: 14/19 MP: 2/2
   461 | D:1      | Reached skill level 3 in Maces & Flails
   551 | D:1      | You fall into a shaft and drop 1 floor!
   551 | D:2      | Noticed Robin
   557 | D:2      | Killed Robin
   557 | D:2      | Reached XP level 3. HP: 23/23 MP: 3/3
   891 | D:1      | Reached skill level 4 in Maces & Flails
   891 | D:1      | Reached XP level 4. HP: 27/28 MP: 4/4
  2128 | D:3      | You fall into a shaft and drop 1 floor!
  2216 | D:4      | Reached skill level 5 in Maces & Flails
  2216 | D:4      | Reached XP level 5. HP: 31/32 MP: 5/5
  2249 | D:4      | Noticed an ogre
  2260 | D:4      | Slain by an ogre

Levels and vault maps discovered:
D:1:      dpeg_arrival_brainrot, layout_rooms, minmay_indecisive_spiral
D:2:      layout_rooms, minmay_misc_feat_cross, kennysheep_another_room,
          uniq_robin
D:3:      layout_loops_ring
D:4:      layout_loops_corners, grunt_dithmenos_smoke_and_mirrors,
          grunt_temple_overflow_open, first_ration, tgw_fedhas

Skill      XL: |  1  2  3  4 |
---------------+-------------+-----
Maces & Flails | 3 4 5 |  5.0
Fighting       | |  3.2
Armour         | |  3.2
Shields        | |  3.2

Action                   |  1- 3 |  4- 6 || total
-------------------------+-------+-------++-------
Melee: Flail             |    83 |   127 ||   210
  Use: Potion            |     1 |       ||     1
  Eat: Chunk             |       |     5 ||     5
Armor: Chain mail        |    67 |    53 ||   120
       Scale mail        |     1 |       ||     1
Dodge: Dodged            |    66 |    55 ||   121
Block: Shield            |    75 |    66 ||   141
